 Dungeon Crawl Stone Soup version 0.20.1-1-g8b1a95d (webtiles) character file.

569 Melbolja the Ogre Mage (level 7, -2/62 HPs)
             Began as an Ogre Fire Elementalist on Oct 8, 2017.
             Was an Initiate of Sif Muna.
             Shot with an arrow by a centaur (6 damage)
             ... on level 5 of the Dungeon.
             The game lasted 00:23:07 (4450 turns).

Melbolja the Ogre Mage (Ogre Fire Elementalist)     Turns: 4450, Time: 00:23:07

Health: -2/62      AC:  3    Str: 14    XL:     7   Next: 33%
Magic:  14/14      EV: 10    Int: 16    God:    Sif Muna [......]
Gold:   196        SH:  0    Dex: 10    Spells: 11/16 levels left

rFire    . . .     SeeInvis .   p - staff of energy
rCold    . . .     Gourm    .   (no shield)
rNeg     . . .     Faith    .   a - +0 robe
rPois    .         Spirit   .   (helmet restricted)
rElec    .         Reflect  .   (no cloak)
rCorr    .         Harm     .   (gloves unavailable)
MR       .....                  (boots unavailable)
Stlth    ++........             (no amulet)
Regen    0.2/turn               c - ring of wizardry
MPRegen  0.2/turn               (no ring)

@: no status effects
A: unfitting armour, tough skin 1
a: Renounce Religion


You were on level 5 of the Dungeon.
You worshipped Sif Muna.
Sif Muna was noncommittal.
You were not hungry.

You visited 1 branch of the dungeon, and saw 5 of its levels.

You collected 196 gold pieces.

Inventory:

Hand Weapons
 e - a +0 club
 n - a +2 vampiric dagger
 t - a +0 shortbow
Missiles
 g - 23 sling bullets
 h - 2 tomahawks (quivered)
 i - 2 steel tomahawks
 j - 97 stones
 w - 12 arrows
 y - 8 javelins
Armour
 a - a +0 robe (worn)
Magical Staves
 p - an uncursed staff of energy (weapon)
Jewellery
 c - a ring of wizardry (left hand)
Scrolls
 k - a scroll of blinking {unknown}
 m - 3 scrolls of remove curse {unknown}
 q - 3 scrolls of teleportation {unknown}
 s - a scroll of random uselessness {unknown}
Potions
 d - 4 potions of heal wounds
 f - a potion of mutation {unknown}
 l - 3 potions of curing {unknown}
 r - 2 potions of degeneration {unknown}
 x - a potion of brilliance {unknown}
 z - a potion of lignification {unknown}
Books
 b - a book of Flames

   Spells                             Type                      Level
   a - Flame Tongue                   Conjuration/Fire             1
   b - Throw Flame                    Conjuration/Fire             2
   c - Conjure Flame                  Conjuration/Fire             3
   d - Inner Flame                    Hexes/Fire                   3
   e - Sticky Flame                   Conjuration/Fire             4
   f - Fireball                       Conjuration/Fire             5
 v - Sif Muna's Tome of Moulding
   (You found it on level 2 of the Dungeon)

   Spells                             Type                      Level
   a - Beastly Appendage              Transmutation                1
Comestibles
 o - a bread ration
 u - 3 royal jellies
 A - 5 chunks of flesh


   Skills:
 + Level 1.0 Fighting
 + Level 0.2 Short Blades
 + Level 0.2 Staves
 + Level 1.5 Throwing
 + Level 2.4 Dodging
 + Level 2.1 Stealth
 + Level 5.1 Spellcasting
 + Level 3.0 Conjurations
 + Level 4.5 Fire Magic


You had 11 spell levels left.
You knew the following spells:

 Your Spells              Type           Power        Failure   Level  Hunger
a - Flame Tongue          Conj/Fire      ###..        1%          1    None
b - Sticky Flame          Conj/Fire      ###.....     13%         4    None


Dungeon Overview and Level Annotations

Branches:
Dungeon (5/15)             Temple (0/1) D:4

Altars:
Kikubaaqudgha
Okawaru
Sif Muna
Vehumet


Innate Abilities, Weirdness & Mutations

You are too large for most types of armour.
You have tough skin. (AC +1)


Message History

You kill the orc!
Sif Muna accepts your kill.
Your Conjurations skill increases to level 3!
You start resting.
Magic restored.
You start resting.
A centaur comes into view.
A centaur is nearby!
You see here a war axe.
You start resting.
The centaur shouts!
The centaur wields a shortbow.
The centaur shoots an arrow.
The arrow hits you.
The centaur shoots an arrow.
The arrow hits you!
* * * LOW HITPOINT WARNING * * *
Things that are here:
an arrow; a war axe A frilled lizard comes into view.
The frilled lizard hisses angrily.
The centaur shoots an arrow.
The arrow hits you.
You die...

#....# #....## .# # #.....#
.# ###..#####.....#####.#
.......)..#..........######
##..#####.#.#..............
#.#.#............ #
#.#.#.##.#c....### #.
#.#.#.(@..##.....#
#.##.#.#(###........#
...#....#.#####..#..l..#
...........o.....#.....#
.$....#.#.######.......#
.#.##.#.).................
.. #.#.#.#######.>....... .
# #.#........###+#....
#.#..###.### ....


You could see a centaur and a frilled lizard.

Vanquished Creatures
  A centaur (D:5)
  2 ogres
  A scorpion (D:5)
  2 orc wizards
  An iguana (D:4)
  Terence (D:3)
  A worker ant (D:4)
  6 adders
  An adder skeleton (D:4)
  2 worms
  3 dart slugs
  3 leopard geckos
  6 orcs
  3 hobgoblins
  2 jackals (D:5)
  10 kobolds
  A ball python (D:2)
  6 bats
  10 frilled lizards
  4 goblins (D:1)
  3 rats
69 creatures vanquished.

Notes
Turn   | Place    | Note
-------+----------+-------------------------------------------
     0 | D:1      | Melbolja the Ogre Fire Elementalist began the quest for the Orb.
     0 | D:1      | Reached XP level 1. HP: 16/16 MP: 3/3
     2 | D:1      | Noticed an octopode
     2 | D:1      | Noticed a troll
     4 | D:1      | Noticed a felid
     4 | D:1      | Noticed a halfling
     7 | D:1      | Noticed a merfolk
     7 | D:1      | Noticed a formicid
     9 | D:1      | Noticed a human
     9 | D:1      | Noticed a demigod
    11 | D:1      | Noticed a centaur
    13 | D:1      | Noticed a minotaur
    13 | D:1      | Noticed an elf
    15 | D:1      | Noticed a gargoyle
    15 | D:1      | Noticed a vampire
    17 | D:1      | Noticed a dwarf
    19 | D:1      | Noticed a ghoul
    21 | D:1      | Noticed a tengu
    23 | D:1      | Noticed an ogre
    23 | D:1      | Noticed a draconian
    25 | D:1      | Noticed a naga
    25 | D:1      | Noticed a demonspawn
    27 | D:1      | Noticed a vine stalker
    27 | D:1      | Noticed a spriggan
    94 | D:1      | Reached skill level 1 in Conjurations
   101 | D:1      | Reached XP level 2. HP: 7/24 MP: 1/5
   815 | D:1      | Reached XP level 3. HP: 31/31 MP: 4/6
  1220 | D:2      | Found an iron altar of Okawaru.
  1416 | D:2      | Reached XP level 4. HP: 36/39 MP: 1/8
  1797 | D:2      | Found a deep blue altar of Sif Muna.
  1798 | D:2      | Found an ancient bone altar of Kikubaaqudgha.
  1799 | D:2      | Found a radiant altar of Vehumet.
  1803 | D:2      | Identified Sif Muna's Tome of Moulding
  1806 | D:2      | Became a worshipper of Sif Muna the Loreminder
  2049 | D:3      | Learned a level 4 spell: Sticky Flame
  2168 | D:3      | Noticed Terence
  2188 | D:3      | Killed Terence
  2188 | D:3      | Reached skill level 3 in Spellcasting
  2771 | D:4      | Found a staircase to the Ecumenical Temple.
  2852 | D:4      | Reached XP level 5. HP: 20/45 MP: 1/9
  3433 | D:4      | Reached XP level 6. HP: 39/54 MP: 6/11
  3499 | D:4      | Reached skill level 1 in Throwing
  3499 | D:4      | Reached skill level 4 in Spellcasting
  3943 | D:5      | Entered Level 5 of the Dungeon
  4120 | D:5      | Reached XP level 7. HP: 61/61 MP: 2/13
  4362 | D:5      | Reached skill level 1 in Fighting
  4362 | D:5      | Reached skill level 5 in Spellcasting
  4450 | D:5      | Shot with an arrow by a centaur

Skill      XL: |  1  2  3  4  5  6  7 |
---------------+----------------------+-----
Conjurations   | 1 2 3 |  3.0
Fire Magic     | 3 4 |  4.5
Dodging        | 2 |  2.4
Spellcasting   | 3 4 5 |  5.1
Stealth        | 2 |  2.1
Throwing       | 1 |  1.5
Fighting       | 1 |  1.0
Short Blades   | |  0.2
Staves         | |  0.2

Action                   |  1- 3 |  4- 6 |  7- 9 || total
-------------------------+-------+-------+-------++-------
Melee: Club              |    10 |       |       ||    10
       Unarmed           |     3 |       |       ||     3
       Dagger            |    13 |       |       ||    13
       Staff             |       |    23 |     2 ||    25
Throw: Stone             |     5 |     3 |       ||     8
       Tomahawk          |     3 |     6 |       ||     9
 Cast: Flame Tongue      |    42 |    92 |    14 ||   148
       Sticky Flame      |       |       |     2 ||     2
  Use: Scroll            |       |     2 |       ||     2
  Eat: Bread ration      |     2 |       |       ||     2
       Chunk             |     1 |     1 |       ||     2
       Royal jelly       |       |     1 |       ||     1
       Meat ration       |       |     1 |       ||     1
Armor: Robe              |     9 |    18 |     5 ||    32
Dodge: Dodged            |    17 |    37 |     8 ||    62
